 Dungeon Crawl Stone Soup version 0.22-a0-443-g17c3723 (webtiles) character file.

185506 magipi the Drop of Water (level 18, -1/138 HPs)
             Began as a Gnoll Air Elementalist on May 29, 2018.
             Was the Champion of Ru.
             Slain by an alligator snapping turtle (97 damage)
             ... on level 1 of the Shoals on May 31, 2018.
             The game lasted 03:31:09 (36381 turns).

magipi the Drop of Water (Gnoll Air Elementalist)  Turns: 36381, Time: 03:31:10

Health: -1/138     AC: 16    Str: 14    XL:     18   Next: 3%
Magic:  33/33      EV: 20    Int: 22    God:    Ru [******]
Gold:   994        SH:  0    Dex: 17    Spells: 10/40 levels left

rFire    + . .     SeeInvis +   a - +5 war axe "Tormentor" {elec, rN+ Str+3}
rCold    + + .     Gourm    .   (shield unavailable)
rNeg     + . .     Faith    .   E - +1 robe {rC+ rF+}
rPois    +         Spirit   .   D - +2 helmet of the Engineer {rC+}
rElec    .         Reflect  .   K - +2 cloak {rPois}
rCorr    .         Harm     .   V - +1 pair of gloves {archery}
MR       +....                  A - +2 pair of boots
Stlth    +++++.....             r - amulet of regeneration
HPRegen  0.73/turn              (ring unavailable)
MPRegen  0.23/turn              i - ring of see invisible

@: exhausted, sleeping, drained
A: distributed training, fangs 1, weak 1, missing a hand, unskilled 1,
inexperienced 1, strong nose
}: 1/15 runes: gossamer
a: Draw Out Power, Power Leap, Apocalypse, Renounce Religion


You were on level 1 of the Shoals.
You worshipped Ru.
Ru was exalted by your worship.
You were not hungry.

You visited 6 branches of the dungeon, and saw 29 of its levels.
You visited the Abyss 1 time.

You collected 3321 gold pieces.
You spent 2327 gold pieces at shops.

Inventory:

Hand Weapons
 a - the +5 war axe "Tormentor" (weapon) {elec, rN+ Str+3}
   (You found it on level 4 of the Lair of Beasts)

   Occasionally, upon striking a foe, it will discharge some electrical energy
   and cause terrible harm.
   It affects your strength (+3).
   It protects you from negative energy.
 b - a +0 dagger
   (You found it on level 3 of the Dungeon)
 w - the +7 war axe of Responsibility {drain, MR+ Dex+5}
   (You found it on level 5 of the Lair of Beasts)

   A truly terrible weapon, it drains the life of those it strikes.
   It affects your dexterity (+5).
   It affects your resistance to hostile enchantments.
 Q - a +1 broad axe of chopping
   (You took it off a death knight on level 14 of the Dungeon)
 T - a +1 demon trident of flaming
   (You took it off Urug on level 13 of the Dungeon)
Armour
 A - a +2 pair of boots (worn)
   (You bought it in a shop on level 7 of the Dungeon)
 D - the +2 helmet of the Engineer (worn) {rC+}
   (You bought it in a shop on level 2 of the Orcish Mines)

   It protects you from cold.
 E - a +1 robe of resistance (worn)
   (You bought it in a shop on level 7 of the Dungeon)
 K - a +2 cloak of poison resistance (worn)
   (You bought it in a shop on level 7 of the Dungeon)
 O - +0 acid dragon scales
   (You found it on level 9 of the Dungeon)
 V - a +1 pair of gloves of archery (worn)
   (You bought it in a shop on level 2 of the Orcish Mines)
Jewellery
 e - the ring of Botoagriu {+Fly rElec rPois rC- Str+6}
   (You bought it in a shop on level 2 of the Orcish Mines)

   [ring of flight]

   It affects your strength (+6).
   It makes you vulnerable to cold.
   It insulates you from electricity.
   It protects you from poison.
   It lets you fly.
 i - a ring of see invisible (right hand)
   (You found it on level 1 of the Lair of Beasts)
 o - an uncursed ring of resist corrosion
   (You found it on level 7 of the Dungeon)
 p - the ring of Rasyot {rPois AC+2}
   (You found it on level 5 of the Lair of Beasts)

   [ring of protection]

   It affects your AC (+2).
   It protects you from poison.
 r - an amulet of regeneration (around neck)
   (You found it on level 6 of the Lair of Beasts)
 y - an uncursed ring of flight
   (You found it on level 8 of the Dungeon)
Wands
 d - a wand of digging (22)
   (You found it on level 1 of the Lair of Beasts)
 x - a wand of clouds (4)
   (You found it on level 3 of the Lair of Beasts)
 B - a wand of paralysis (1)
   (You found it on level 6 of the Dungeon)
 H - a wand of polymorph (10)
   (You found it on level 7 of the Dungeon)
 I - a wand of flame (72)
   (You found it on level 7 of the Dungeon)
Scrolls
 f - a scroll of blinking
 g - 5 scrolls of teleportation
 h - 6 scrolls of magic mapping
 j - 9 scrolls of identify
 l - 3 scrolls of fog
 t - 7 scrolls of enchant weapon
 u - a scroll of holy word
 F - a scroll of amnesia
 J - a scroll of fear
 X - 8 scrolls of remove curse
 Y - a scroll of immolation
Potions
 k - 3 potions of heal wounds
 m - 2 potions of berserk rage
 n - 9 potions of brilliance
 q - 7 potions of haste
 s - 3 potions of might
 v - 3 potions of agility
 C - 3 potions of cancellation
 G - 6 potions of curing
 L - a potion of lignification
 N - 4 potions of resistance
 P - 2 potions of magic
 R - 7 potions of flight
 U - 9 potions of ambrosia
Miscellaneous
 z - a lamp of fire
   (You found it on level 3 of the Lair of Beasts)
Comestibles
 c - 50 rations
 M - 7 chunks of flesh


   Skills:
 + Level 11.0(10.6) Fighting
 + Level 11.0(10.6) Short Blades
 + Level 11.0(10.6) Long Blades
 + Level 11.0(10.6) Axes
 + Level 11.0(10.6) Maces & Flails
 + Level 11.0(10.6) Polearms
 + Level 11.0(10.6) Staves
 + Level 11.0(10.6) Slings
 + Level 10.2(9.8) Bows
 + Level 11.0(10.6) Crossbows
 + Level 11.0(10.6) Throwing
 + Level 11.0(10.6) Armour
 + Level 11.6(11.2) Dodging
 + Level 11.5(11.1) Stealth
   Level 0.0 Shields
 + Level 11.0(10.6) Unarmed Combat
 + Level 11.8(11.4) Spellcasting
 + Level 9.5(9.1) Conjurations
 + Level 9.3(8.9) Hexes
 + Level 9.3(8.9) Charms
 + Level 9.3(8.9) Summonings
 + Level 9.3(8.9) Necromancy
 + Level 9.3(8.9) Translocations
 + Level 9.3(8.9) Transmutations
 + Level 9.3(8.9) Fire Magic
 + Level 9.3(8.9) Ice Magic
 + Level 10.5(10.1) Air Magic
 + Level 9.3(8.9) Earth Magic
 + Level 9.3(8.9) Poison Magic
 + Level 11.8(11.4) Invocations
 + Level 11.0(10.6) Evocations


You had 10 spell levels left.
You knew the following spells:

 Your Spells              Type           Power        Failure   Level  Hunger
a - Shock                 Conj/Air       ####         1%          1    None
b - Static Discharge      Conj/Air       ######..     1%          3    None
c - Borgnjor's Vile Clut  Necr/Erth      ######....   3%          5    ####...
d - Animate Dead          Necr           N/A          1%          4    None
e - Animate Skeleton      Necr           N/A          1%          1    None
f - Recall                Summ/Tloc      N/A          1%          3    None
k - Airstrike             Air            ######....   1%          4    None
l - Summon Lightning Spi  Summ/Air       ######..     1%          4    None
r - Regeneration          Chrm/Necr      ######....   1%          3    None
s - Swiftness             Chrm/Air       ######..     1%          2    None

Your spell library contained the following spells:

 Spells                   Type           Power        Failure   Level  Hunger
 Conjure Flame            Conj/Fire      ######..     1%          3    None
 Lightning Bolt           Conj/Air       ######....   2%          5    ####...
 Confuse                  Hex            ######..     1%          3    None
 Controlled Blink         Tloc           N/A          100%        8    #######
 Freezing Cloud           Conj/Ice/Air   ######....   17%         6    #####..
 Mephitic Cloud           Conj/Pois/Air  ######..     1%          3    None
 Ring of Flames           Chrm/Fire      ######....   75%         7    #######
 Death's Door             Chrm/Necr      ######....   100%        8    #######
 Summon Small Mammal      Summ           ####         1%          1    None
 Pain                     Necr           ####         1%          1    None
 Vampiric Draining        Necr           ######....   1%          3    None
 Haunt                    Necr/Summ      ######....   75%         7    #######
 Borgnjor's Revivificati  Necr           ######....   100%        8    #######
 Summon Ice Beast         Ice/Summ       ######..     1%          4    None
 Call Imp                 Summ           ######..     1%          2    None
 Necromutation            Tmut/Necr      ######....   100%        8    #######
 Death Channel            Necr           ######....   21%         6    #####..
 Confusing Touch          Hex            ######       1%          1    None
 Call Canine Familiar     Summ           ######..     1%          3    None
 Metabolic Englaciation   Hex/Ice        ######....   3%          5    ####...
 Dispersal                Tloc           ######....   21%         6    #####..
 Simulacrum               Ice/Necr       ######....   21%         6    #####..
 Portal Projectile        Hex/Tloc       ######       1%          3    None
 Petrify                  Tmut/Erth      ######..     1%          4    None
 Disjunction              Tloc           ######....   100%        8    #######
 Force Lance              Conj/Tloc      ######..     1%          4    None
 Summon Guardian Golem    Hex/Summ       ######..     1%          3    None
 Gell's Gravitas          Tloc           ######....   1%          3    None
 Yara's Violent Unravell  Hex/Tmut       ######....   3%          5    ####...
 Infestation              Necr           ######....   100%        8    #######
 Poisonous Vapours        Pois/Air       ######       1%          2    None


Dungeon Overview and Level Annotations

Branches:
Dungeon (15/15)            Temple (1/1) D:5            Lair (6/6) D:11
 Shoals (1/4) Lair:3       Spider (4/4) Lair:3        Slime (0/5) Lair:6
    Orc (2/2) D:12            Elf (0/3) Orc:2        Vaults (0/5) D:14
 Depths (0/5) D:15

Altars:
Ashenzari
Cheibriados
Elyvilon
Fedhas
Gozag
Hepliaklqana
Kikubaaqudgha
Qazlal
Ru
Sif Muna
Trog
Uskayaw
Vehumet
Wu Jian
Xom
Yredelemnul
Zin
The Shining One
Beogh
Jiyva

Shops:
D:7 [   D:14 !   Orc:1 }   Orc:2 [[=[   Shoals:1 *

Annotations:
D:2 yiuf
Spider:1 Mara


Innate Abilities, Weirdness & Mutations

Your experience applies equally to all skills.
You have very sharp teeth.
You are weak. (Str -2)
You are missing a hand.
You are somewhat unskilled. (-1 Apt)
You are somewhat inexperienced. (-2 XL)
Your uncanny sense of smell can sniff out nearby items.


Message History

The dream sheep bleats!
Unknown command.
You swap places.
The water nymph touches your merfolk skeleton.
Your sea snake skeleton closely misses the water nymph.
Your merfolk skeleton hits the water nymph with a trident!
The water nymph touches something.
Unknown command.
Your merfolk skeleton hits the water nymph with a trident.
The water nymph touches your merfolk skeleton.
Your merfolk skeleton hits the water nymph with a trident!!
Your sea snake skeleton bites the water nymph!
The water nymph touches your merfolk skeleton!
Your sea snake skeleton bites the water nymph!
The water nymph dies!
You swap places.
The alligator snapping turtle closely misses you.
You swap places.
You swap places.
A dream sheep comes into view.
The alligator snapping turtle completely misses you.
You hit the alligator snapping turtle.
The alligator snapping turtle is lightly wounded.
Your cyclops skeleton hits the alligator snapping turtle but does no damage.
Your merfolk skeleton hits the alligator snapping turtle but does no damage.
Unknown command.
You hit the alligator snapping turtle but do no damage.
The alligator snapping turtle is lightly wounded.
The alligator snapping turtle bites you!
The dream sheep shake their wool and sparkle.
You feel drowsy...
You fall asleep.
Your merfolk skeleton hits the alligator snapping turtle from afar with a trident.
Your cyclops skeleton hits the alligator snapping turtle!
You redirect the dream sheep's attack!
The dream sheep bites the alligator snapping turtle but does no damage.
The alligator snapping turtle barely misses you.
The dream sheep bites you!
You wake up.
Your merfolk skeleton hits the alligator snapping turtle but does no damage.
The alligator snapping turtle bites you!!
You focus your will and slow the alligator snapping turtle in retribution!
Unknown command.
You hit the alligator snapping turtle but do no damage.
The alligator snapping turtle is lightly wounded.
You closely miss the dream sheep.
Your cyclops skeleton hits the alligator snapping turtle but does no damage.
The dream sheep barely misses you.
Your merfolk skeleton hits the alligator snapping turtle but does no damage.
Unknown command.
You slash the dream sheep!
The dream sheep is moderately wounded.
You slash the alligator snapping turtle!
The dream sheep misses you.
The alligator snapping turtle bites you!!!
You hear an angry hiss.
Unknown command.
You swap places.
Your merfolk skeleton hits the alligator snapping turtle from afar with a trident.
Your cyclops skeleton hits the alligator snapping turtle but does no damage.
The dream sheep bites your merfolk skeleton!
Your sea snake skeleton bites the alligator snapping turtle but does no damage.
Unknown command.
The dream sheep bites your merfolk skeleton.
Your merfolk skeleton hits the alligator snapping turtle but does no damage.
The alligator snapping turtle bites your sea snake skeleton!
Your sea snake skeleton bites the alligator snapping turtle!
Unknown command.
The alligator snapping turtle is no longer moving slowly.
Your cyclops skeleton hits the alligator snapping turtle but does no damage.
The dream sheep bites your merfolk skeleton!
Your sea snake skeleton bites the alligator snapping turtle.
Unknown command.
Your merfolk skeleton hits the alligator snapping turtle but does no damage.
Your sea snake skeleton bites the alligator snapping turtle!
Unknown command.
The dream sheep bites your sea snake skeleton.
Your cyclops skeleton hits the dream sheep!!
The dream sheep dies!
Your merfolk skeleton hits the alligator snapping turtle with a trident.
The dream sheep "Baaaas" balefully.
Your sea snake skeleton bites the alligator snapping turtle but does no damage.
You are restored by drawing out deep reserves of power within.
You feel drained.
The dream sheep ruffle their wool and motes of dream dust sparkle, to no effect.
The alligator snapping turtle bites your merfolk skeleton!!!
Your merfolk skeleton is destroyed!
Your sea snake skeleton bites the alligator snapping turtle but does no damage.
The dream sheep ruffle their wool and motes of dream dust sparkle, to no effect.
Your cyclops skeleton closely misses the dream sheep.
The dream sheep closely misses your sea snake skeleton.
The dream sheep shake their wool and sparkle.
You feel drowsy...
You fall asleep.
Your sea snake skeleton bites the alligator snapping turtle but does no damage.
The dream sheep bites your sea snake skeleton!
Your sea snake skeleton is destroyed!
Your cyclops skeleton hits the dream sheep!
The alligator snapping turtle misses you.
The alligator snapping turtle closely misses you.
The alligator snapping turtle bites you from afar!!!!
Ouch! That really hurt!
You die...

≈≈≈≈≈≈≈≈≈≈≈≈......≈≈≈≈≈≈
≈≈≈≈≈≈≈≈.≈≈≈....≈≈.≈≈≈≈≈
≈≈≈≈≈≈≈≈.........≈≈≈≈≈≈≈
≈≈≈≈≈≈≈≈..#..≈≈..≈≈≈≈≈≈≈
≈≈≈...≈...##Z†≈≈≈≈≈≈≈≈≈≈
≈≈≈≈..≈≈≈.......≈≈≈≈≈≈≈≈
≈≈≈≈≈≈≈..Y).#≈≈≈≈≈≈≈≈≈≈
≈≈≈≈≈≈..YtY###Z...≈≈≈≈
≈≈≈≈≈..@#### #....≈≈≈≈
≈≈≈≈≈...# #...≈≈≈≈≈
≈≈≈≈≈≈... ..$.≈≈≈≈≈
≈≈≈≈≈≈≈... ..Y..≈≈≈≈≈
≈≈≈≈≈≈≈≈≈≈≈Y....≈≈≈≈≈≈
≈≈≈≈≈≈≈≈≈≈≈≈Y..≈≈≈≈≈..
≈≈≈≈≈≈≈≈≈≈≈≈≈≈≈≈≈≈≈.##
≈≈≈≈≈≈≈≈≈≈≈≈≈≈≈≈≈≈≈t.


You could see an alligator snapping turtle, 3 dream sheep and a friendly cyclops
skeleton.

Vanquished Creatures
  Rupert (D:13)
  Agnes (Spider:1)
  3 ghost moths
  11 emperor scorpions
  2 orc warlords
  The ghost of Shuf the Fighter, a journeyman HOFi of Okawaru (Lair:5)
  5 entropy weavers
  Azrael (Spider:3)
  A green death (Abyss:4)
  A fire dragon (D:15)
  Josephine (Lair:4)
  Erolcha (D:13)
  2 vault guards (D:14)
  4 hydras
  A catoblepas (Lair:3)
  A death knight (D:14)
  A centaur warrior (D:13)
  7 death yaks
  8 two-headed ogres
  A tengu warrior (D:15)
  4 orc high priests (Orc:2)
  7 skeletal warriors
  An unseen horror (D:13)
  A sea snake (Shoals:1)
  5 orc knights
  A necromancer (D:15)
  2 harpies (Shoals:1)
  12 orb spiders
  31 wolf spiders
  A manticore (D:15)
  An orc sorcerer (Orc:2)
  4 deep elf magi
  4 cyclopes
  4 oklob plants (Lair:5)
  7 ugly things
  2 centaur zombies
  A merfolk siren (Lair:3)
  2 moths of wrath (Spider:2)
  3 torpor snails
  26 spiny frogs
  6 black mambas
  3 kobold demonologists
  3 komodo dragons
  2 efreet
  13 demonic crawlers
  4 rime drakes
  2 freezing wraiths (D:14)
  A yaktaur (D:14)
  7 trolls
  32 jumping spiders
  2 merfolk
  A tyrant leech (Lair:6)
  2 polar bears
  10 hornets
  8 slime creatures
  A queen bee (Spider:3)
  3 meliai (Spider:3)
  10 blink frogs
  13 hippogriffs
  5 dream sheep
  A spriggan skeleton (D:15)
  74 redbacks
  5 wraiths
  3 basilisks
  2 shadows
  42 yaks
  28 tarantellas
  A wyvern (D:13)
  4 fire elementals (Spider:3)
  2 hungry ghosts (D:12)
  Eustachio (D:4)
  A steam dragon (D:8)
  16 humans
  6 vampire mosquitoes (Lair:6)
  3 chaos spawn (D:14)
  4 wargs
  A tengu zombie (D:15)
  2 acid dragons
  13 water moccasins
  7 porcupines
  A hell hound (Spider:3)
  45 orc warriors
  7 ice beasts
  A black bear (Lair:2)
  A hornet zombie (D:13)
  5 sky beasts
  4 necrophages
  4 phantoms
  10 ogres
  10 centaurs
  17 wolves
  4 boggarts (D:14)
  7 crocodiles
  5 big kobolds
  20 bullfrogs
  A wyvern zombie (D:13)
  9 scorpions
  15 killer bees
  10 wights
  6 howler monkeys
  3 electric eels
  6 crimson imps
  2 bullfrog zombies
  2 bullfrog skeletons
  8 jellies
  26 orc priests
  4 hounds
  A gnoll shaman (D:4)
  Crazy Yiuf (D:2)
  2 centaur skeletons
  16 orc wizards
  Ijyb (D:3)
  6 iguanas
  Natasha (thrice) (D:2)
  8 worker ants
  3 hell rats (Lair:1)
  A hound zombie (D:11)
  A hound skeleton (D:4)
  A howler monkey zombie (D:7)
  2 worker ant zombies
  Robin (D:2)
  15 adders
  11 gnolls
  A howler monkey skeleton (D:4)
  5 river rats (Lair:1)
  8 shadow imps
  18 oozes
  An adder skeleton (D:8)
  An adder zombie (D:8)
  4 worms
  3 dart slugs
  3 leopard geckos
  90 orcs
  2 ball pythons
  3 giant cockroaches
  17 goblins
  12 hobgoblins
  9 jackals
  6 quokkas
  5 bats
  8 frilled lizards
  18 kobolds
  A leopard gecko skeleton (D:9)
  A quokka skeleton (D:8)
  A quokka zombie (D:5)
  11 rats
  9 fungi
  4 plants
  A withered plant (D:15)
1065 creatures vanquished.

Vanquished Creatures (collateral kills)
  A ghost moth (Spider:4)
  An emperor scorpion (Spider:4)
  An entropy weaver (Spider:3)
  A spark wasp (Spider:2)
  A hydra (Lair:6)
  A centaur warrior (D:15)
  Urug (D:13)
  An orc high priest (Orc:2)
  A sea snake (Shoals:1)
  A tengu zombie (D:15)
  4 wolf spiders
  A phantasmal warrior (D:15)
  A necromancer (D:14)
  3 orb spiders
  A cyclops (Shoals:1)
  3 centaur zombies (D:15)
  A water nymph (Shoals:1)
  A centaur skeleton (D:14)
  A gargoyle (D:13)
  2 demonic crawlers
  A rime drake (Lair:6)
  11 jumping spiders
  2 trolls
  2 hornets
  A tyrant leech (Lair:6)
  A slime creature (D:13)
  A dream sheep (Shoals:1)
  A deep troll skeleton (D:15)
  16 tarantellas
  A water elemental (Shoals:1)
  17 redbacks
  A fire elemental (Spider:3)
  5 humans (D:14)
  2 yaks (D:13)
  A hungry ghost (D:12)
  2 hell hounds (Spider:3)
  3 orc warriors (Orc:2)
  A centaur (D:14)
  A scorpion (Spider:3)
  11 killer bees
  An orc priest (Orc:2)
  An orc wizard (D:13)
  5 orcs
  2 kobolds
118 creatures vanquished.

Vanquished Creatures (others)
  A ghost moth (Spider:4)
  Erica (Orc:1)
  A harpy (Shoals:1)
  A torpor snail (Lair:5)
  A spiny frog (Lair:6)
  A tyrant leech (Lair:6)
  4 redbacks
  2 tarantellas (Spider:1)
  A yak (Lair:5)
  An ogre (D:9)
  A wolf (Lair:4)
  A killer bee (D:10)
  A leopard gecko (D:10)
  4 orcs
  A rat (Lair:1)
  21 fungi
  79 plants
  7 toadstools (D:1)
129 creatures vanquished.

Grand Total: 1312 creatures vanquished

Notes
Turn   | Place    | Note
-------+----------+-------------------------------------------
     0 | D:1      | magipi the Gnoll Air Elementalist began the quest for the Orb.
     0 | D:1      | Reached XP level 1. HP: 13/13 MP: 6/6
   377 | D:1      | Reached XP level 2. HP: 19/19 MP: 3/7
   965 | D:1      | Reached XP level 3. HP: 25/25 MP: 6/9
  1117 | D:2      | Reached skill level 5 in Spellcasting
  1254 | D:2      | Learned a level 2 spell: Swiftness
  1258 | D:2      | Learned a level 3 spell: Static Discharge
  1281 | D:2      | Reached skill level 1 in Invocations
  1303 | D:2      | Noticed Robin
  1448 | D:2      | Killed Robin
  1448 | D:2      | Reached skill level 1 in Fighting
  1448 | D:2      | Reached skill level 1 in Short Blades
  1448 | D:2      | Reached skill level 1 in Long Blades
  1448 | D:2      | Reached skill level 1 in Axes
  1448 | D:2      | Reached skill level 1 in Maces & Flails
  1448 | D:2      | Reached skill level 1 in Polearms
  1448 | D:2      | Reached skill level 1 in Staves
  1448 | D:2      | Reached skill level 1 in Slings
  1448 | D:2      | Reached skill level 1 in Bows
  1448 | D:2      | Reached skill level 1 in Crossbows
  1448 | D:2      | Reached skill level 1 in Throwing
  1448 | D:2      | Reached skill level 1 in Armour
  1448 | D:2      | Reached skill level 1 in Shields
  1448 | D:2      | Reached skill level 1 in Unarmed Combat
  1448 | D:2      | Reached skill level 1 in Evocations
  1514 | D:2      | Reached XP level 4. HP: 31/32 MP: 2/11
  1842 | D:2      | Noticed Natasha
  1868 | D:2      | Killed Natasha
  1868 | D:2      | Reached skill level 1 in Hexes
  1868 | D:2      | Reached skill level 1 in Charms
  1868 | D:2      | Reached skill level 1 in Summonings
  1868 | D:2      | Reached skill level 1 in Necromancy
  1868 | D:2      | Reached skill level 1 in Translocations
  1868 | D:2      | Reached skill level 1 in Transmutations
  1868 | D:2      | Reached skill level 1 in Fire Magic
  1868 | D:2      | Reached skill level 1 in Ice Magic
  1868 | D:2      | Reached skill level 1 in Earth Magic
  1868 | D:2      | Reached skill level 1 in Poison Magic
  2000 | D:2      | Noticed Natasha
  2015 | D:2      | Killed Natasha
  2015 | D:2      | Reached XP level 5. HP: 12/37 MP: 5/12
  2237 | D:2      | Noticed Natasha
  2269 | D:2      | Killed Natasha
  2716 | D:3      | Learned a level 4 spell: Airstrike
  2871 | D:3      | Noticed Ijyb
  2882 | D:3      | Killed Ijyb
  2908 | D:3      | Reached XP level 6. HP: 43/44 MP: 11/13
  3422 | D:4      | Got a bone whip
  3447 | D:4      | Identified the +9 whip of Massacring {vamp, rC+ rN+ MP+9} (You found it on level 4 of the Dungeon)
  3540 | D:4      | Reached skill level 5 in Dodging
  3989 | D:4      | Reached XP level 7. HP: 50/50 MP: 15/15
  4218 | D:4      | Noticed Eustachio
  4238 | D:4      | Killed Eustachio
  4534 | D:4      | Reached skill level 5 in Stealth
  4877 | D:5      | Entered Level 5 of the Dungeon
  4962 | D:5      | Reached XP level 8. HP: 57/57 MP: 7/16
  5459 | D:5      | Found a staircase to the Ecumenical Temple.
  5468 | Temple   | Entered the Ecumenical Temple
  5538 | Temple   | Upgraded the game from 0.22-a0-433-gd2a9cce to 0.22-a0-439-gac93bac
  5541 | Temple   | Became a worshipper of Ru the Awakened
  5784 | D:5      | Found a shattered altar of Ashenzari.
  5894 | D:2      | Found a runed door.
  5899 | D:2      | Noticed Crazy Yiuf
  5903 | D:2      | Killed Crazy Yiuf
  6206 | D:6      | Identified the +7 scale mail "Vor Sikh" {Dex+6 Stlth-} (You found it on level 6 of the Dungeon)
  6866 | D:6      | Reached XP level 9. HP: 65/65 MP: 13/18
  7535 | D:6      | Found a deep blue altar of Sif Muna.
  7537 | D:6      | Found an opulent altar of Gozag.
  7537 | D:6      | Found a shattered altar of Ashenzari.
  7546 | D:6      | Found a snail-covered altar of Cheibriados.
  7546 | D:6      | Found a shimmering altar of Xom.
  7546 | D:6      | Found a white marble altar of Elyvilon.
  8064 | D:7      | Gained mutation: You are missing a hand. [Ru sacrifice]
  8064 | D:7      | Reached * piety under Ru
  8064 | D:7      | Reached ** piety under Ru
  8619 | D:7      | Found Yblatuqo's Antique Armour Shop.
  8622 | D:7      | Bought a pair of glowing boots for 150 gold pieces
  8622 | D:7      | Bought a runed robe for 74 gold pieces
  8673 | D:7      | Reached skill level 5 in Invocations
  8687 | D:7      | Reached skill level 1 in Bows
  9329 | D:8      | Reached XP level 10. HP: 65/73 MP: 11/20
  9503 | D:8      | Noticed a two-headed ogre
  9842 | D:8      | Got a dazzling war axe
  9911 | D:8      | Noticed a two-headed ogre
 10049 | D:8      | Reached skill level 5 in Fighting
 10049 | D:8      | Reached skill level 5 in Short Blades
 10049 | D:8      | Reached skill level 5 in Long Blades
 10049 | D:8      | Reached skill level 5 in Axes
 10049 | D:8      | Reached skill level 5 in Maces & Flails
 10049 | D:8      | Reached skill level 5 in Polearms
 10049 | D:8      | Reached skill level 5 in Staves
 10049 | D:8      | Reached skill level 5 in Slings
 10049 | D:8      | Reached skill level 5 in Crossbows
 10049 | D:8      | Reached skill level 5 in Throwing
 10049 | D:8      | Reached skill level 5 in Armour
 10049 | D:8      | Reached skill level 5 in Unarmed Combat
 10049 | D:8      | Reached skill level 5 in Evocations
 10112 | D:8      | Killed a two-headed ogre
 10333 | D:8      | Killed a two-headed ogre
 10333 | D:8      | Reached skill level 5 in Conjurations
 10866 | D:9      | Noticed a two-headed ogre
 10873 | D:9      | Killed a two-headed ogre
 10873 | D:9      | Reached XP level 11. HP: 81/81 MP: 2/22
 11127 | D:7      | Bought an embroidered cloak for 150 gold pieces
 11237 | D:9      | Noticed a brown ugly thing
 11480 | D:9      | Noticed a green ugly thing
 11491 | D:9      | Killed a green ugly thing
 11700 | D:9      | Killed a brown ugly thing
 11700 | D:9      | Reached skill level 5 in Hexes
 11700 | D:9      | Reached skill level 5 in Charms
 11700 | D:9      | Reached skill level 5 in Summonings
 11700 | D:9      | Reached skill level 5 in Necromancy
 11700 | D:9      | Reached skill level 5 in Translocations
 11700 | D:9      | Reached skill level 5 in Transmutations
 11700 | D:9      | Reached skill level 5 in Fire Magic
 11700 | D:9      | Reached skill level 5 in Ice Magic
 11700 | D:9      | Reached skill level 5 in Earth Magic
 11700 | D:9      | Reached skill level 5 in Poison Magic
 11848 | D:10     | Entered Level 10 of the Dungeon
 11902 | D:10     | Gained mutation: You are weak. (Str -2) [Ru sacrifice]
 11902 | D:10     | Reached *** piety under Ru
 12261 | D:10     | Noticed a deep elf mage
 12330 | D:10     | Killed a deep elf mage
 13230 | D:11     | Noticed a death yak
 13413 | D:11     | Identified the +4 war axe of Judgement {venom, MR+} (You found it on level 8 of the Dungeon)
 13640 | D:11     | Noticed a death yak
 13719 | D:11     | Killed a death yak
 13719 | D:11     | Reached XP level 12. HP: 34/89 MP: 24/24
 14106 | D:11     | Gained mutation: You are somewhat inexperienced. (-2 XL) [Ru sacrifice]
 14106 | D:11     | Reached XP level 11. HP: 81/83 MP: 23/23
 14106 | D:11     | Reached XP level 10. HP: 77/77 MP: 22/22
 14106 | D:11     | Reached **** piety under Ru
 14106 | D:11     | Reached ***** piety under Ru
 14185 | D:11     | Found a staircase to the Lair.
 14327 | D:11     | Reached skill level 5 in Bows
 14510 | Lair:1   | Entered Level 1 of the Lair of Beasts
 14515 | Lair:1   | Noticed a spiny frog
 14524 | Lair:1   | Killed a spiny frog
 14528 | Lair:1   | Noticed a spiny frog
 14569 | Lair:1   | Killed a spiny frog
 15069 | Lair:1   | Noticed a four-headed hydra
 15076 | Lair:1   | Killed a four-headed hydra
 15239 | Lair:1   | Reached XP level 11. HP: 69/84 MP: 23/23
 16525 | Lair:3   | You fall through a shaft for 2 floors!
 16526 | Lair:5   | Noticed Shuf's ghost (journeyman HOFi)
 16647 | Lair:3   | Found a hole to the Spider Nest.
 16647 | Lair:3   | Noticed an orb spider
 16651 | Lair:3   | Killed an orb spider
 16928 | Lair:3   | Noticed a catoblepas
 16984 | Lair:3   | Killed a catoblepas
 17323 | Lair:3   | Found a staircase to the Shoals.
 17733 | Lair:4   | Got a fine war axe
 18196 | Lair:4   | Reached XP level 12. HP: 92/92 MP: 25/25
 18671 | Lair:4   | Noticed Josephine
 18680 | Lair:4   | Killed Josephine
 20008 | Lair:5   | Killed Shuf's ghost
 20367 | Lair:5   | Identified the +7 war axe of Responsibility {drain, MR+ Dex+5} (You found it on level 5 of the Lair of Beasts)
 20371 | Lair:5   | Identified the +5 war axe "Tormentor" {elec, rN+ Str+3} (You found it on level 4 of the Lair of Beasts)
 20564 | Lair:5   | Got a pitted turquoise ring
 20583 | Lair:5   | Identified the ring of Rasyot {rPois AC+2} (You found it on level 5 of the Lair of Beasts)
 20727 | Lair:6   | Entered Level 6 of the Lair of Beasts
 20783 | Lair:6   | Reached XP level 13. HP: 88/99 MP: 26/26
 20797 | Lair:6   | Found a viscous altar of Jiyva.
 20798 | Lair:6   | Found a staircase to the Slime Pits.
 21604 | Lair:6   | Reached skill level 10 in Spellcasting
 22205 | Lair:6   | Reached skill level 10 in Dodging
 22704 | Lair:6   | Reached skill level 10 in Stealth
 22762 | Lair:6   | Reached XP level 14. HP: 108/108 MP: 13/28
 22820 | Lair:6   | Learned a level 1 spell: Animate Skeleton
 22824 | Lair:6   | Learned a level 3 spell: Regeneration
 22829 | Lair:6   | Learned a level 4 spell: Animate Dead
 22983 | Lair:6   | Reached skill level 10 in Invocations
 23579 | D:12     | Found a staircase to the Orcish Mines.
 24542 | D:13     | Noticed Urug
 24580 | D:13     | Killed Urug
 24592 | D:13     | Noticed Erolcha
 24601 | D:13     | Killed Erolcha
 24671 | D:13     | Noticed Rupert
 24686 | D:13     | Killed Rupert
 25327 | Orc:1    | Entered Level 1 of the Orcish Mines
 25378 | Orc:2    | Entered Level 2 of the Orcish Mines
 25404 | Orc:2    | Noticed an orc warlord
 25428 | Orc:2    | Killed an orc warlord
 25686 | Orc:2    | Found a staircase to the Elven Halls.
 25743 | Orc:1    | Found Ymips's Gadget Shop.
 25850 | Orc:1    | Bought a wand of enslavement (8) for 150 gold pieces
 25986 | Orc:1    | Noticed an orc warlord
 26006 | Orc:1    | HP: 5/109 [orc warlord/long sword (33)]
 26249 | Orc:1    | Killed an orc warlord
 26249 | Orc:1    | Reached XP level 15. HP: 115/115 MP: 28/30
 26265 | Orc:1    | Found a roughly hewn altar of Beogh.
 26643 | Orc:2    | Reached skill level 10 in Air Magic
 26888 | Orc:1    | Noticed Erica
 26896 | Orc:1    | Killed Erica
 26896 | Orc:1    | Reached skill level 10 in Fighting
 26896 | Orc:1    | Reached skill level 10 in Short Blades
 26896 | Orc:1    | Reached skill level 10 in Long Blades
 26896 | Orc:1    | Reached skill level 10 in Axes
 26896 | Orc:1    | Reached skill level 10 in Maces & Flails
 26896 | Orc:1    | Reached skill level 10 in Polearms
 26896 | Orc:1    | Reached skill level 10 in Staves
 26896 | Orc:1    | Reached skill level 10 in Slings
 26896 | Orc:1    | Reached skill level 10 in Crossbows
 26896 | Orc:1    | Reached skill level 10 in Throwing
 26896 | Orc:1    | Reached skill level 10 in Armour
 26896 | Orc:1    | Reached skill level 10 in Unarmed Combat
 26896 | Orc:1    | Reached skill level 10 in Evocations
 27470 | Orc:2    | Found Oriymusi's Armour Boutique.
 27470 | Orc:2    | Found Cufuonit's Jewellery Boutique.
 27478 | Orc:2    | Found Ifanutalo's Antique Armour Shop.
 27478 | Orc:2    | Found Uczoq's Armour Boutique.
 27488 | Orc:2    | Bought a pair of glowing gloves for 270 gold pieces
 27501 | Orc:2    | Bought the +2 helmet of the Engineer {rC+} for 313 gold pieces
 27561 | Orc:2    | Upgraded the game from 0.22-a0-439-gac93bac to 0.22-a0-441-gcf5b0c6
 28094 | D:14     | Learned a level 5 spell: Borgnjor's Vile Clutch
 28098 | D:14     | Learned a level 3 spell: Recall
 28252 | D:14     | Found Zasaumoe's Distillery.
 28278 | D:14     | Bought a potion of heal wounds for 80 gold pieces
 28278 | D:14     | Bought a potion of haste for 160 gold pieces
 28278 | D:14     | Bought a potion of berserk rage for 80 gold pieces
 28278 | D:14     | Bought a potion of might for 64 gold pieces
 28278 | D:14     | Bought a potion of ambrosia for 128 gold pieces
 28278 | D:14     | Bought a potion of curing for 48 gold pieces
 28635 | D:14     | Found a gate to the Vaults.
 28641 | D:14     | Cast into level 3 of the Abyss (vault guard)
 28826 | D:14     | Escaped the Abyss
 29158 | D:15     | Entered Level 15 of the Dungeon
 29726 | D:15     | Gained mutation: You are somewhat unskilled. (-1 Apt) [Ru sacrifice]
 29726 | D:15     | Reduced skill Dodging to level 10
 29726 | D:15     | Reduced skill Stealth to level 10
 29726 | D:15     | Reduced skill Spellcasting to level 10
 29726 | D:15     | Reduced skill Invocations to level 10
 29726 | D:15     | Reached ****** piety under Ru
 29889 | D:15     | Found a staircase to the Depths.
 29950 | D:15     | Reached XP level 16. HP: 120/121 MP: 30/30
 30391 | Orc:2    | Bought the ring of Botoagriu {+Fly rElec rPois rC- Str+6} for 660 gold pieces
 30595 | Spider:1 | Entered Level 1 of the Spider Nest
 30596 | Spider:1 | Noticed Agnes
 30610 | Spider:1 | Killed Agnes
 31321 | Spider:1 | Reached skill level 10 in Fighting
 31321 | Spider:1 | Reached skill level 10 in Short Blades
 31321 | Spider:1 | Reached skill level 10 in Long Blades
 31321 | Spider:1 | Reached skill level 10 in Axes
 31321 | Spider:1 | Reached skill level 10 in Maces & Flails
 31321 | Spider:1 | Reached skill level 10 in Polearms
 31321 | Spider:1 | Reached skill level 10 in Staves
 31321 | Spider:1 | Reached skill level 10 in Slings
 31321 | Spider:1 | Reached skill level 10 in Crossbows
 31321 | Spider:1 | Reached skill level 10 in Throwing
 31321 | Spider:1 | Reached skill level 10 in Armour
 31321 | Spider:1 | Reached skill level 10 in Unarmed Combat
 31321 | Spider:1 | Reached skill level 10 in Evocations
 31671 | Spider:1 | Found a roughly hewn altar of Beogh.
 32347 | Spider:2 | Reached skill level 10 in Air Magic
 32712 | Spider:3 | Noticed Mara
 32713 | Spider:3 | Reached XP level 17. HP: 126/129 MP: 32/32
 32770 | Spider:2 | Noticed magipi's illusion
 32776 | Spider:1 | Noticed magipi's illusion
 33277 | Spider:3 | Noticed Azrael
 33402 | Spider:3 | Killed Azrael
 33650 | Spider:3 | Paralysed by a hornet for 1 turns
 34144 | Spider:3 | Upgraded the game from 0.22-a0-441-gcf5b0c6 to 0.22-a0-443-g17c3723
 34154 | Spider:4 | Entered Level 4 of the Spider Nest
 34905 | Spider:4 | Reached skill level 10 in Bows
 35666 | Spider:4 | Learned a level 4 spell: Summon Lightning Spire
 35874 | Spider:4 | Got a gossamer rune of Zot
 36083 | Shoals:1 | Entered Level 1 of the Shoals
 36128 | Shoals:1 | Found Ikyxawk's General Store.
 36164 | Shoals:1 | Reached XP level 18. HP: 58/136 MP: 22/33
 36381 | Shoals:1 | Slain by an alligator snapping turtle

Vault maps used:
D:1:      nagdon_arrival_double_spiral
D:2:      uniq_robin, uniq_natasha, uniq_crazy_yiuf_cottage
D:3:      kennysheep_decorative_pillar, uniq_ijyb
D:4:      first_ration, minmay_misc_feat_room, kennysheep_generic_room_13,
          uniq_eustachio
D:5:      ashenzari_conservatory_becter, lemuel_temple_firewalk_b
D:6:      fountainhead, doesnt_xom_only_xom
D:7:      serial_shops, kennysheep_mini_moat, kennysheep_potato
D:8:      blue_anna_alchemist, minmay_misc_feat_alley
D:9:      minmay_the_grid_plus_closed
D:10:     minmay_misc_feat_iff, nicolae_twisting_strands
D:11:     dpeg_lair_monsters, serial_glass, glass_columns_b, glass_columns_b,
          glass_columns_a, glass_columns_b, glass_columns_c, glass_columns_a
D:12:     hiddenorc2_lemuel
D:13:     minmay_misc_feat_roman, uniq_erolcha, uniq_urug, uniq_rupert
D:14:     grunt_vaults_entry_tiered, serial_shops, shop,
          hangedman_abyss_or_decor_jellyfish_corner, minmay_item_behind_shaft
D:15:     gammafunk_depths_entry_grave
Temple:   regret_index_temple_sigil_plot
Lair:1:   kennysheep_abandoned_house, grunt_megastairs_5
Lair:2:   minivault_24, lemuel_fruit_tree
Lair:3:   elwin_shoals_entry_rooms, nicolae_spider_entry_orb_guardian
Lair:4:   cheibrodos_lair_caveside_slide, uniq_josephine
Lair:5:   lemuel_slime, grunt_megastairs_4, minmay_lair_oklob_chamber
Lair:6:   minmay_lair_end_frog_pond, slime_altar_1
Shoals:1: serial_shops, nicolae_shop_window_shopping,
          nicolae_shop_window_shopping, nicolae_shoals_kraken_intersection
Spider:1: nicolae_spider_mines_2, uniq_agnes
Spider:3: spiders_nest_scorpion_pit, special_room, spiders_nest_hornet_nest,
          uniq_azrael, uniq_mara
Spider:4: grunt_spider_rune_circles, spiders_nest_ghost_moth_duel
Orc:1:    nicolae_orc_accident_2, serial_shops, shop, uniq_erica
Orc:2:    st_orc_pillars
Abyss:3:  evilmike_nicolae_abyss_rune_containment_curve
Abyss:4:  nicolae_abyss_rune_left_handed, evilmike_abyss_exit_4

Skill      XL: |  1  2  3  4  5  6  7  8  9 10 11 12 13 14 15 16 17 18 |
---------------+-------------------------------------------------------+-----
Conjurations   | 2 3 4 5 6 7 8 8 9 |  9.5
Spellcasting   | 5 6 7 9 10 11 10 11 | 11.8
Invocations    | 1 2 3 4 5 6 8 9 10 10 11 | 11.8
Fighting       | 1 2 3 4 7 6 8 9 9 10 11 | 11.0
Short Blades   | 1 2 3 4 7 6 8 9 9 10 11 | 11.0
Long Blades    | 1 2 3 4 7 6 8 9 9 10 11 | 11.0
Axes           | 1 2 3 4 7 6 8 9 9 10 11 | 11.0
Maces & Flails | 1 2 3 4 7 6 8 9 9 10 11 | 11.0
Polearms       | 1 2 3 4 7 6 8 9 9 10 11 | 11.0
Staves         | 1 2 3 4 7 6 8 9 9 10 11 | 11.0
Slings         | 1 2 3 4 7 6 8 9 9 10 11 | 11.0
Bows           | 1 2 3 1 5 6 7 8 8 9 10 | 10.2
Crossbows      | 1 2 3 4 7 6 8 9 9 10 11 | 11.0
Throwing       | 1 2 3 4 7 6 8 9 9 10 11 | 11.0
Armour         | 1 2 3 4 7 6 8 9 9 10 11 | 11.0
Shields        | 1 2 3 0 |  0.0
Unarmed Combat | 1 2 3 4 7 6 8 9 9 10 11 | 11.0
Evocations     | 1 2 3 4 7 6 8 9 9 10 11 | 11.0
Hexes          | 1 2 3 4 6 7 8 9 |  9.3
Charms         | 1 2 3 4 6 7 8 9 |  9.3
Summonings     | 1 2 3 4 6 7 8 9 |  9.3
Necromancy     | 1 2 3 4 6 7 8 9 |  9.3
Translocations | 1 2 3 4 6 7 8 9 |  9.3
Transmutations | 1 2 3 4 6 7 8 9 |  9.3
Fire Magic     | 1 2 3 4 6 7 8 9 |  9.3
Ice Magic      | 1 2 3 4 6 7 8 9 |  9.3
Earth Magic    | 1 2 3 4 6 7 8 9 |  9.3
Poison Magic   | 1 2 3 4 6 7 8 9 |  9.3
Dodging        | 5 6 7 9 10 10 11 | 11.6
Stealth        | 5 6 7 8 9 10 10 11 | 11.5
Air Magic      | 6 8 9 9 10 | 10.5

Action                   |  1- 3 |  4- 6 |  7- 9 | 10-12 | 13-15 | 16-18 || total
-------------------------+-------+-------+-------+-------+-------+-------++-------
Melee: Unarmed           |     3 |       |       |       |       |       ||     3
       Dagger            |       |    62 |    22 |    48 |    17 |    21 ||   170
       Bite              |       |     8 |    36 |   116 |   142 |   108 ||   410
       Whip              |       |    21 |   284 |   949 |       |       ||  1254
       Punch             |       |       |     4 |       |       |       ||     4
       War axe           |       |       |       |    45 |  1081 |   784 ||  1910
Throw: Javelin           |       |       |       |       |    29 |    17 ||    46
 Cast: Shock             |    62 |    77 |    22 |       |       |       ||   161
       Static Discharge  |     1 |    13 |    11 |       |       |       ||    25
       Swiftness         |     1 |       |       |       |       |       ||     1
       Airstrike         |       |       |    26 |   121 |    76 |    43 ||   266
       Animate Skeleton  |       |       |       |       |    53 |     6 ||    59
       Animate Dead      |       |       |       |       |    25 |    46 ||    71
       Regeneration      |       |       |       |       |    27 |    48 ||    75
       Borgnjor's Vile C |       |       |       |       |       |     4 ||     4
Invok: Sacrifice a Hand  |       |       |     1 |       |       |       ||     1
       Sacrifice Experie |       |       |       |     1 |       |       ||     1
       Draw Out Power    |       |       |       |     3 |     5 |     8 ||    16
       Reject Sacrifices |       |       |       |     1 |     1 |       ||     2
       Sacrifice Purity  |       |       |       |     1 |       |       ||     1
       Apocalypse        |       |       |       |     1 |     6 |     4 ||    11
       Sacrifice Skill   |       |       |       |       |     1 |       ||     1
Evoke: Wand              |       |       |     1 |    64 |    38 |    35 ||   138
       Lamp of fire      |       |       |       |     1 |     3 |     3 ||     7
  Use: Scroll            |       |     8 |     8 |    18 |     7 |     4 ||    45
       Potion            |       |     4 |       |     3 |     1 |     6 ||    14
 Stab: Sleeping          |     1 |     7 |    16 |    28 |     8 |     7 ||    67
       Distracted        |       |       |     2 |     5 |    18 |    20 ||    45
       Paralysed         |       |       |     5 |    10 |    31 |    25 ||    71
       Invisible         |       |       |       |     8 |    10 |    24 ||    42
  Eat: Chunk             |     2 |     6 |    20 |    28 |    37 |     8 ||   101
       Ration            |       |     2 |       |     6 |       |     6 ||    14
Armor: Robe              |     3 |    22 |    34 |    67 |   166 |   443 ||   735
       Steam dragon scal |       |       |       |    21 |       |       ||    21
       Acid dragon scale |       |       |       |   115 |    66 |       ||   181
Dodge: Dodged            |    18 |    88 |   240 |   653 |   969 |  1320 ||  3288

Table legend:
 A = Spawn XP
 B = Non-spawn XP
 C = Spawn XP percentage of total XP
 D = Spawn monster count
 E = Non-spawn monster count
 F = Spawn count percentage of total count
 G = Total turns spent on level
                    A         B        C        D         E        F      G
               +---------+---------+-------+---------+---------+-------+---------
         Total |    1173 |  259379 |   0.5 |       1 |    1184 |   0.1 | 36381
               +---------+---------+-------+---------+---------+-------+---------
           D:1 |       0 |      36 |   0.0 |       0 |      21 |   0.0 |  1329
           D:2 |       0 |     272 |   0.0 |       0 |      38 |   0.0 |  1524
           D:3 |       0 |     135 |   0.0 |       0 |      21 |   0.0 |   718
           D:4 |       0 |     750 |   0.0 |       0 |      33 |   0.0 |  1492
           D:5 |       0 |     298 |   0.0 |       0 |      15 |   0.0 |  1138
           D:6 |       0 |    1750 |   0.0 |       0 |      36 |   0.0 |  1457
           D:7 |       0 |    1307 |   0.0 |       0 |      20 |   0.0 |  1348
           D:8 |       0 |    3026 |   0.0 |       0 |      29 |   0.0 |  1419
           D:9 |       0 |    3898 |   0.0 |       0 |      32 |   0.0 |  1330
          D:10 |       0 |    5044 |   0.0 |       0 |      41 |   0.0 |  1363
          D:11 |       0 |    5673 |   0.0 |       0 |      34 |   0.0 |  1473
          D:12 |       0 |    5164 |   0.0 |       0 |      54 |   0.0 |  1154
          D:13 |       0 |   13254 |   0.0 |       0 |      51 |   0.0 |   782
          D:14 |       0 |   18604 |   0.0 |       0 |      70 |   0.0 |  1328
          D:15 |       0 |   12736 |   0.0 |       0 |      30 |   0.0 |  1084
        Lair:1 |       0 |    5892 |   0.0 |       0 |      37 |   0.0 |  1364
        Lair:2 |       0 |    1603 |   0.0 |       0 |       9 |   0.0 |   681
        Lair:3 |       0 |    9112 |   0.0 |       0 |      33 |   0.0 |  1894
        Lair:4 |       0 |    4997 |   0.0 |       0 |      19 |   0.0 |  1475
        Lair:5 |       0 |    9725 |   0.0 |       0 |      54 |   0.0 |  2071
        Lair:6 |       0 |   27291 |   0.0 |       0 |      88 |   0.0 |  2117
      Shoals:1 |       0 |    4160 |   0.0 |       0 |      10 |   0.0 |   298
      Spider:1 |       0 |   14807 |   0.0 |       0 |      46 |   0.0 |   872
      Spider:2 |       0 |   27190 |   0.0 |       0 |      67 |   0.0 |  1056
      Spider:3 |       0 |   31847 |   0.0 |       0 |     107 |   0.0 |  1054
      Spider:4 |       0 |   30668 |   0.0 |       0 |      73 |   0.0 |  1851
         Orc:1 |       0 |    5468 |   0.0 |       0 |      23 |   0.0 |  1005
         Orc:2 |       0 |   14296 |   0.0 |       0 |      92 |   0.0 |  1426
       Abyss:4 |    1173 |     376 |  75.7 |       1 |       1 |  50.0 |   153
               +---------+---------+-------+---------+---------+-------+---------

Action                   |  1- 3 |  4- 6 |  7- 9 | 10-12 | 13-15 | 16-18 || total
-------------------------+-------+-------+-------+-------+-------+-------++-------
Melee: Unarmed           |     3 |       |       |       |       |       ||     3
       Dagger            |       |    62 |    22 |    48 |    17 |    21 ||   170
       Bite              |       |     8 |    36 |   116 |   142 |   108 ||   410
       Whip              |       |    21 |   284 |   949 |       |       ||  1254
       Punch             |       |       |     4 |       |       |       ||     4
       War axe           |       |       |       |    45 |  1081 |   784 ||  1910
Throw: Javelin           |       |       |       |       |    29 |    17 ||    46
 Cast: Shock             |    62 |    77 |    22 |       |       |       ||   161
       Static Discharge  |     1 |    13 |    11 |       |       |       ||    25
       Swiftness         |     1 |       |       |       |       |       ||     1
       Airstrike         |       |       |    26 |   121 |    76 |    43 ||   266
       Animate Skeleton  |       |       |       |       |    53 |     6 ||    59
       Animate Dead      |       |       |       |       |    25 |    46 ||    71
       Regeneration      |       |       |       |       |    27 |    48 ||    75
       Borgnjor's Vile C |       |       |       |       |       |     4 ||     4
Invok: Sacrifice a Hand  |       |       |     1 |       |       |       ||     1
       Sacrifice Experie |       |       |       |     1 |       |       ||     1
       Draw Out Power    |       |       |       |     3 |     5 |     8 ||    16
       Reject Sacrifices |       |       |       |     1 |     1 |       ||     2
       Sacrifice Purity  |       |       |       |     1 |       |       ||     1
       Apocalypse        |       |       |       |     1 |     6 |     4 ||    11
       Sacrifice Skill   |       |       |       |       |     1 |       ||     1
Evoke: Wand              |       |       |     1 |    64 |    38 |    35 ||   138
       Lamp of fire      |       |       |       |     1 |     3 |     3 ||     7
  Use: Scroll            |       |     8 |     8 |    18 |     7 |     4 ||    45
       Potion            |       |     4 |       |     3 |     1 |     6 ||    14
 Stab: Sleeping          |     1 |     7 |    16 |    28 |     8 |     7 ||    67
       Distracted        |       |       |     2 |     5 |    18 |    20 ||    45
       Paralysed         |       |       |     5 |    10 |    31 |    25 ||    71
       Invisible         |       |       |       |     8 |    10 |    24 ||    42
  Eat: Chunk             |     2 |     6 |    20 |    28 |    37 |     8 ||   101
       Ration            |       |     2 |       |     6 |       |     6 ||    14
Armor: Robe              |     3 |    22 |    34 |    67 |   166 |   443 ||   735
       Steam dragon scal |       |       |       |    21 |       |       ||    21
       Acid dragon scale |       |       |       |   115 |    66 |       ||   181
Dodge: Dodged            |    18 |    88 |   240 |   653 |   969 |  1320 ||  3288
